 Dungeon Crawl Stone Soup version 0.20-a0-522-g0b37eee (webtiles) character file.

101705 Lahna the Warrior (level 15, -2/146 HPs)
             Began as a Minotaur Berserker on Jan 26, 2017.
             Was a High Priest of Trog.
             Slain by an entropy weaver (7 damage)
             ... on level 1 of the Spider Nest.
             The game lasted 01:04:21 (26097 turns).

Lahna the Warrior (Minotaur Berserker)             Turns: 26097, Time: 01:04:22

Health: -2/146     AC:  0    Str: 30    XL:     15   Next: 84%
Magic:  14/14      EV: 18    Int:  9    God:    Trog [*****.]
Gold:   2257       SH:  0    Dex: 22    Spells: 14/14 levels left

rFire    . . .     SeeInvis .   g - +6 morningstar (crush)
rCold    . . .     Gourm    .   V - +1 plate armour of Distant Worlds {+Fly Dex+8}
rNeg     . . .     Faith    .   E - +0 shield
rPois    +         Spirit   .   Q - +2 hat {MR+}
rElec    .         Reflect  .   z - +2 cloak {rPois}
rCorr    .         Harm     .   b - +2 pair of gloves {archery}
MR       ++...                  (no boots)
Stlth    ..........             (no amulet)
Regen    0.4/turn               T - +6 ring of strength
                                Y - +5 ring of intelligence

@: confused, corroded
A: retaliatory headbutt, horns 2, blink
a: Blink, Berserk, Trog's Hand, Brothers in Arms, Burn Spellbooks, Renounce
Religion, Evoke Flight


You were on level 1 of the Spider Nest.
You worshipped Trog.
Trog was extremely pleased with you.
You were hungry.

You visited 4 branches of the dungeon, and saw 24 of its levels.
You also visited: Sewer and Bailey.

You collected 2423 gold pieces.
You spent 166 gold pieces at shops.

Inventory:

Hand Weapons
 g - a +6 morningstar of crushing (weapon)
 O - a +5 antimagic great mace
Armour
 b - a +2 pair of gloves of archery (worn)
 z - a +2 cloak of poison resistance (worn)
 E - a +0 shield (worn)
 I - a +2 plate armour of cold resistance
 Q - a +2 hat of magic resistance (worn)
 V - the +1 plate armour of Distant Worlds (worn) {+Fly Dex+8}
   (You found it on level 13 of the Dungeon)

   It affects your dexterity (+8).
   It lets you fly.
Jewellery
 y - an uncursed ring of flight
 N - an uncursed ring of fire
 T - a +6 ring of strength (right hand)
 Y - a +5 ring of intelligence (left hand)
Wands
 l - a wand of digging (17/24)
 v - a wand of paralysis (9/24)
 x - a wand of flame (27/48)
 D - a wand of iceblast (9/15)
 G - a wand of clouds (3/9)
 P - a wand of lightning (4/15)
 U - a wand of confusion (19/48)
Scrolls
 a - 6 scrolls of magic mapping
 h - 4 scrolls of enchant weapon
 j - 9 scrolls of teleportation
 k - 9 scrolls of remove curse
 m - 3 scrolls of blinking
 r - 3 scrolls of fear
 s - 7 scrolls of immolation
 J - 4 scrolls of fog
 S - 5 scrolls of recharging
 X - a scroll of identify
Potions
 d - 11 potions of curing
 f - 6 potions of haste
 p - 4 potions of resistance
 q - a potion of flight
 w - 3 potions of might
 F - a potion of agility
 K - 4 potions of berserk rage {unknown}
 R - a potion of cure mutation
Comestibles
 c - 11 bread rations
 i - 2 chunks of flesh
 n - 8 royal jellies
 B - 7 meat rations
 L - 18 fruits


   Skills:
 + Level 16.8 Fighting
 - Level 16.2 Maces & Flails
 + Level 16.5 Armour
 + Level 15.3 Dodging
 + Level 3.9 Shields


You had 14 spell levels left.
You didn't know any spells.

Dungeon Overview and Level Annotations

Branches:
Dungeon (15/15)            Temple (0/1) D:5            Lair (6/6) D:11
 Shoals (0/4) Lair:4       Spider (1/4) Lair:4        Slime (0/5) Lair:6
    Orc (2/2) D:9             Elf (0/3) Orc:2        Vaults (0/5) D:13
 Depths (0/5) D:15

Altars:
Dithmenos
Elyvilon
Fedhas
Gozag
Kikubaaqudgha
Makhleb
Sif Muna
Vehumet
Xom
Zin
The Shining One
Beogh
Jiyva

Shops:
D:12 *   Orc:2 ?}}?(


Innate Abilities, Weirdness & Mutations

You reflexively headbutt those who attack you in melee.
You have a pair of horns on your head.
You can translocate small distances at will.


Message History

The entropic weave corrodes you! The tarantella closely misses you.
The entropy weaver hits you.
* * * LOW HITPOINT WARNING * * *
The entropy weaver barely misses you. The entropy weaver hits you.
* * * LOW HITPOINT WARNING * * *
The entropy weaver hits you.
* * * LOW HITPOINT WARNING * * *
The tarantella bites you.
* * * LOW HITPOINT WARNING * * *
You are more confused.
The entropy weaver gestures wildly while chanting.
The entropic weave corrodes you!
You see here a jumping spider corpse.
The tarantella closely misses you. The entropy weaver hits you!
* * * LOW HITPOINT WARNING * * *
The entropy weaver misses you. The entropy weaver hits you!
* * * LOW HITPOINT WARNING * * *
The entropy weaver hits you!
You die...

.. ..## ..?
###..?# ..
##.#..##### #..
^...##.#.# #..
##...#....#
...##...##..@###
#a#..#.#..as†<#
#.#...#..#..†#
##.#....###..#
##.....# #...#
#..###.# ..###
#..# ####..#
#... ...# ###.
...##


You could see an entropy weaver and a tarantella.

Vanquished Creatures
  Gastronok (Lair:1)
  Josephine (D:15)
  Harold (D:9)
  A yaktaur captain (D:15)
  2 ogre magi
  9 hydras
  Erolcha (D:11)
  4 vault guards (D:13)
  Erica (D:11)
  3 catoblepae (Lair:6)
  2 centaur warriors
  12 two-headed ogres
  3 tengu warriors
  7 death yaks (Lair:6)
  The ghost of Vesto the Fighter, a novice HOFi (D:7)
  Nergalle (Orc:2)
  4 skeletal warriors (D:14)
  4 unseen horrors
  Pikel (D:6)
  A wizard (D:15)
  A deep elf mage (D:14)
  An orc knight (Orc:1)
  2 wolf spiders
  A wolf spider zombie (D:15)
  3 manticores
  7 orc sorcerers
  8 ugly things
  2 cyclopes (D:12)
  3 centaur zombies
  A merfolk siren (Lair:4)
  5 gargoyles
  5 black mambas
  15 spiny frogs
  A rime drake (Lair:5)
  3 kobold demonologists
  6 komodo dragons
  A yaktaur (D:15)
  An efreet (D:15)
  A freezing wraith (D:15)
  4 trolls
  A polar bear (shapeshifter) (D:13)
  2 jumping spiders (Spider:1)
  3 slime creatures (D:14)
  2 hornets
  28 blink frogs
  16 hippogriffs
  7 dream sheep
  3 centaur simulacra
  6 redbacks
  A spriggan (Lair:5)
  3 shadows
  2 tarantellas (Spider:1)
  47 yaks
  2 wyverns
  5 wraiths (D:15)
  A basilisk (Lair:3)
  A basilisk (shapeshifter) (D:13)
  6 vampire mosquitoes
  A hungry ghost (D:9)
  Edmund (D:5)
  4 swamp worms (Lair:2)
  16 water moccasins
  3 acid dragons
  9 porcupines
  Purgy (Sewer)
  13 orc warriors
  5 sky beasts
  4 ice beasts
  3 necrophages
  9 ogres
  8 wolves
  3 phantoms
  14 centaurs
  15 crocodiles
  4 big kobolds
  8 gnoll sergeants (Bailey)
  14 bullfrogs
  2 scorpions
  11 killer bees
  17 wights
  6 howler monkeys
  A crimson imp (D:14)
  A bullfrog zombie (D:5)
  10 hounds
  10 orc priests
  2 bullfrog skeletons
  6 centaur skeletons
  6 gnoll shamans (Bailey)
  2 jellies
  9 worker ants
  5 iguanas
  21 orc wizards
  2 hell rats
  A killer bee zombie (D:8)
  3 hound skeletons
  A worker ant zombie (D:11)
  17 gnolls
  11 river rats
  21 adders
  A howler monkey skeleton (D:11)
  3 shadow imps
  12 white imps (Lair:1)
  An adder skeleton (D:9)
  11 worms
  6 leopard geckos
  78 orcs
  15 bats
  6 giant cockroaches
  4 goblins
  4 hobgoblins
  7 jackals
  18 kobolds
  3 quokkas
  3 frilled lizards (D:1)
  5 rats
  A plant (Lair:5)
745 creatures vanquished.

Vanquished Creatures (collateral kills)
  A death yak (Lair:6)
  3 orc sorcerers (Orc:2)
  A manticore (D:12)
  A komodo dragon (D:12)
  A yak (Lair:6)
  4 swamp worms (Lair:2)
  5 orc wizards (Orc:2)
  3 worms (Lair:2)
19 creatures vanquished.

Vanquished Creatures (others)
  A centaur skeleton (D:15)
  An orc wizard (Orc:2)
  An orc (Orc:2)
  4 fungi
  6 plants
13 creatures vanquished.

Grand Total: 777 creatures vanquished

Notes
Turn   | Place    | Note
-------+----------+-------------------------------------------
     0 | D:1      | Lahna the Minotaur Berserker began the quest for the Orb.
     0 | D:1      | Reached XP level 1. HP: 19/19 MP: 0/0
   199 | D:1      | Reached XP level 2. HP: 27/27 MP: 1/1
   696 | D:2      | Found a shadowy altar of Dithmenos.
   697 | D:2      | Found a deep blue altar of Sif Muna.
   698 | D:2      | Found a burning altar of Makhleb.
   909 | D:2      | Reached XP level 3. HP: 29/33 MP: 2/2
   952 | D:2      | HP: 1/33 [poisoned by an adder]
  1342 | D:2      | Reached ** piety under Trog
  1543 | D:2      | Reached XP level 4. HP: 40/40 MP: 3/3
  2071 | D:3      | Found a glowing drain.
  2168 | Sewer    | Entered a sewer
  2173 | Sewer    | Reached XP level 5. HP: 47/47 MP: 4/4
  2201 | Sewer    | Noticed Purgy
  2210 | Sewer    | Killed Purgy
  2210 | Sewer    | Reached skill level 5 in Maces & Flails
  2596 | D:3      | Found a white marble altar of Elyvilon.
  2646 | D:3      | Reached XP level 6. HP: 55/55 MP: 5/5
  2735 | D:4      | Reached skill level 5 in Fighting
  3127 | D:4      | Reached skill level 5 in Armour
  3262 | D:4      | Found an opulent altar of Gozag.
  3558 | D:5      | Entered Level 5 of the Dungeon
  3558 | D:5      | Found a staircase to the Ecumenical Temple.
  3587 | D:5      | Noticed Edmund
  3603 | D:5      | Killed Edmund
  3603 | D:5      | Reached XP level 7. HP: 52/61 MP: 6/6
  3657 | D:5      | Reached *** piety under Trog
  4139 | D:5      | Reached skill level 5 in Dodging
  4608 | D:6      | Reached XP level 8. HP: 71/71 MP: 7/7
  4695 | D:6      | Noticed Pikel
  4724 | D:6      | Killed Pikel
  4913 | D:6      | Reached XP level 9. HP: 66/81 MP: 8/8
  5139 | D:7      | Reached **** piety under Trog
  5912 | D:7      | Noticed Vesto's ghost (novice HOFi)
  5941 | D:7      | Killed Vesto's ghost
  6073 | D:7      | Found a glowing silver altar of Zin.
  6970 | D:8      | Reached XP level 10. HP: 64/91 MP: 9/9
  7043 | D:8      | Received a gift from Trog
  7356 | D:9      | Found a roughly hewn altar of Beogh.
  8011 | D:9      | Noticed a two-headed ogre
  8030 | D:9      | Killed a two-headed ogre
  8030 | D:9      | Reached skill level 10 in Fighting
  8030 | D:9      | Reached skill level 10 in Maces & Flails
  8237 | D:9      | Reached skill level 10 in Armour
  8341 | D:9      | Found a glowing golden altar of the Shining One.
  8474 | D:9      | Found a staircase to the Orcish Mines.
  8680 | D:9      | Reached ***** piety under Trog
  9107 | D:10     | Entered Level 10 of the Dungeon
  9277 | D:10     | Noticed a gargoyle
  9291 | D:10     | Killed a gargoyle
  9326 | D:10     | Reached XP level 11. HP: 101/101 MP: 10/10
  9411 | D:10     | Found a blossoming altar of Fedhas.
  9973 | D:11     | Received a gift from Trog
 10024 | D:11     | Reached skill level 10 in Dodging
 10373 | D:11     | Found a staircase to the Lair.
 10501 | D:11     | Noticed Erolcha
 10506 | D:11     | Killed Erolcha
 10554 | D:11     | Killed an unseen horror
 10849 | D:11     | Noticed Erica
 10861 | D:11     | Killed Erica
 10955 | D:11     | Noticed a four-headed hydra
 10961 | D:11     | Killed a four-headed hydra
 11160 | Lair:1   | Entered Level 1 of the Lair of Beasts
 11616 | Lair:1   | Reached XP level 12. HP: 107/112 MP: 11/11
 11776 | Lair:1   | Noticed Gastronok
 11792 | Lair:1   | Killed Gastronok
 11878 | Lair:1   | Found a frozen archway.
 11905 | Lair:1   | Received a gift from Trog
 14666 | Lair:4   | Found a hole to the Spider Nest.
 14731 | Lair:4   | Reached XP level 13. HP: 122/122 MP: 12/12
 14923 | Lair:4   | Identified 2 scrolls of acquirement
 15290 | Lair:4   | Found a staircase to the Shoals.
 16319 | Lair:6   | Entered Level 6 of the Lair of Beasts
 16376 | Lair:6   | Received a gift from Trog
 17442 | Lair:6   | Found a staircase to the Slime Pits.
 17443 | Lair:6   | Found a viscous altar of Jiyva.
 17560 | Lair:6   | Reached XP level 14. HP: 101/133 MP: 4/13
 18759 | Orc:1    | Entered Level 1 of the Orcish Mines
 18766 | Orc:1    | Noticed Harold
 18794 | D:9      | Killed Harold
 19008 | Orc:1    | Received a gift from Trog
 19008 | Orc:1    | Reached skill level 15 in Fighting
 19335 | Orc:2    | Entered Level 2 of the Orcish Mines
 19335 | Orc:2    | Found Mevoariq's Magic Scroll Boutique.
 19650 | Orc:2    | Reached skill level 15 in Armour
 19678 | Orc:2    | Bought a scroll of fog for 24 gold pieces
 19678 | Orc:2    | Gained mutation: You can translocate small distances at will. [potion of beneficial mutation]
 19908 | Orc:2    | Found a staircase to the Elven Halls.
 20008 | Orc:2    | Found Qiehis's Antique Weapon Shop.
 20019 | Orc:2    | Reached skill level 15 in Maces & Flails
 20038 | Orc:2    | Found an ancient bone altar of Kikubaaqudgha.
 20039 | Orc:2    | Noticed Nergalle
 20051 | Orc:2    | Killed Nergalle
 20053 | Orc:2    | Found Orchur's Magic Scroll Boutique.
 20073 | Orc:2    | Paralysed by an orc sorcerer for 6 turns
 20449 | Orc:2    | Received a gift from Trog
 20565 | Orc:2    | Found a roughly hewn altar of Beogh.
 20565 | Orc:2    | Found Efisogol's Gadget Boutique.
 20567 | Orc:2    | Found Putasik's Gadget Shop.
 20623 | Orc:2    | Found a radiant altar of Vehumet.
 20766 | Orc:2    | Bought a scroll of recharging for 142 gold pieces
 21145 | D:12     | Found a flagged portal.
 21408 | Bailey   | Entered a bailey
 21815 | D:12     | Found Vahiotac's General Store.
 22078 | D:12     | Received a gift from Trog
 22310 | D:13     | Found a gate to the Vaults.
 22339 | D:13     | Reached XP level 15. HP: 143/143 MP: 4/14
 22926 | D:13     | Got a faintly glowing plate armour
 22939 | D:13     | Identified the cursed +1 plate armour of Distant Worlds {+Fly Dex+8} (You found it on level 13 of the Dungeon)
 23764 | D:14     | Received a gift from Trog
 24203 | D:14     | Reached skill level 15 in Dodging
 24219 | D:15     | Entered Level 15 of the Dungeon
 24416 | D:15     | Noticed Josephine
 24425 | D:15     | Reached skill level 1 in Shields
 24427 | D:15     | Killed Josephine
 24484 | D:15     | Found a shimmering altar of Xom.
 25052 | D:15     | Found Kisuat's Jewellery Emporium.
 25208 | D:15     | Found a staircase to the Depths.
 25908 | Spider:1 | Entered Level 1 of the Spider Nest
 25914 | Spider:1 | Received a gift from Trog
 26097 | Spider:1 | HP: 5/146 [entropy weaver (17)]
 26097 | Spider:1 | Slain by an entropy weaver

Vault maps used:
D:1:      mrwooster_arrival_statue_2, grunt_decor_mini_mirrors,
          minmay_misc_feat_encased
D:2:      minmay_diamond_boxcup, grunt_temple_overflow_open
D:3:      first_bread, gup_sewer_entry_glass, elyvilon_altar_3
D:4:      nicolae_overflow_crystal_walls
D:5:      minmay_temple_entry_statues_pillars, uniq_edmund
D:6:      uniq_pikel
D:7:      kennysheep_mini
D:9:      nicolae_tso_carved_into_rock, david_orc_5, minmay_misc_feat_room
D:10:     basic_altar, serial_corexii_hall, corexii_hall_statues_x,
          corexii_hall_statues_s
D:11:     david_lair_shrubbed, uniq_erolcha, uniq_erica
D:12:     enter_bailey_2, serial_shops, nicolae_shop_statue_plus
D:13:     minmay_opposing_rooms, lightli_vaults_fourway_checkpoint
D:14:     minmay_misc_feat_iff
D:15:     grunt_enter_depths_snipers, serial_shops,
          nicolae_shop_competitors_out_of_business,
          roderic_lattice_octagonal_star, tgw_xom, uniq_josephine
Lair:1:   minmay_lair_venomous_thicket, portal_ice_cave_entry_imps,
          roderic_batcave, uniq_gastronok
Lair:2:   worms_lemuel, grunt_megastairs_1
Lair:4:   minmay_shoals_entry_lonely_mermaid, spider_nest_entry_webs,
          kennysheep_rathole
Lair:5:   grunt_forest_large_clearing_hut
Lair:6:   evilmike_catoblepas_cave, slime_altar_1, lemuel_fruit_fields
Orc:1:    uniq_harold
Orc:2:    kennysheep_orc_mage_school, serial_shops, shop_coins
Sewer:    kennysheep_door_sewer
Bailey:   bailey_polearm_gnolls_kennysheep, bailey

Skill      XL: |  1  2  3  4  5  6  7  8  9 10 11 12 13 14 15 |
---------------+----------------------------------------------+-----
Maces & Flails | 4 5 6 7 9 10 12 13 14 15 16 | 16.2
Armour         | 3 4 5 6 7 9 10 12 13 14 15 16 | 16.5
Fighting       | 4 5 6 7 9 10 12 13 14 15 16 | 16.8
Dodging        | 3 4 5 6 8 9 10 12 13 14 15 | 15.3
Shields        | 3 |  3.9

Action                   |  1- 3 |  4- 6 |  7- 9 | 10-12 | 13-15 || total
-------------------------+-------+-------+-------+-------+-------++-------
Melee: Mace              |    76 |    82 |       |       |       ||   158
       Headbutt          |    12 |    35 |    65 |   139 |   242 ||   493
       Flail             |       |    50 |       |       |       ||    50
       Dire flail        |       |       |   150 |    76 |       ||   226
       Whip              |       |       |   174 |   314 |       ||   488
       Great mace        |       |       |       |   367 |   715 ||  1082
       Morningstar       |       |       |       |       |   166 ||   166
Invok: Berserk           |     1 |       |     3 |     5 |     6 ||    15
       Burn Spellbooks   |       |       |       |     2 |     4 ||     6
       Trog's Hand       |       |       |       |     1 |     3 ||     4
       Brothers in Arms  |       |       |       |     1 |     4 ||     5
 Abil: Blink             |       |       |       |       |     1 ||     1
  Use: Scroll            |       |     6 |       |    11 |    17 ||    34
       Potion            |       |       |       |     3 |     5 ||     8
 Stab: Petrified         |       |       |       |       |     1 ||     1
       Held in net/web   |       |       |       |       |     1 ||     1
  Eat: Chunk             |     3 |     6 |    14 |    32 |    42 ||    97
       Fruit             |       |       |       |     1 |       ||     1
       Royal jelly       |       |       |       |       |     1 ||     1
Armor: Animal skin       |     3 |       |       |       |       ||     3
       Plate armour      |    61 |   112 |   176 |   480 |   606 ||  1435
       Skin              |       |       |       |    25 |       ||    25
Dodge: Dodged            |    41 |    59 |   109 |   453 |   831 ||  1493
Block: Shield            |       |       |       |       |    78 ||    78
